 Dungeon Crawl Stone Soup version 0.23.2-1-ga50397a (webtiles) character file.

Game seed: 3837613360696159948

6 TheAlmogaver the Magician (level 1, -1/13 HPs)
             Began as a Gnoll Wizard on May 17, 2019.
             Slain by a hobgoblin (5 damage)
             ... on level 1 of the Dungeon.
             The game lasted 00:01:03 (64 turns).

TheAlmogaver the Magician (Gnoll Wizard)              Turns: 64, Time: 00:01:04

Health: -1/13      AC:  2    Str:  9    XL:     1   Next: 90%
Magic:  1/8        EV: 13    Int: 20    God:
Gold:   0          SH:  0    Dex: 13    Spells: 13/14 levels left

rFire    . . .     SeeInvis .   (no weapon)
rCold    . . .     Gourm    .   (no shield)
rNeg     . . .     Faith    .   a - +0 robe
rPois    .         Spirit   .   b - +0 hat
rElec    .         Reflect  .   (no cloak)
rCorr    .         Harm     .   (no gloves)
MR       .....                  (no boots)
Stlth    ++........             (no amulet)
HPRegen  0.04/turn              (no ring)
MPRegen  0.11/turn              (no ring)

@: very slightly contaminated, heavily drained
A: distributed training, fangs 1, strong nose
a: no special abilities


You were on level 1 of the Dungeon.
You were not hungry.

You visited 1 branch of the dungeon, and saw 1 of its levels.

Inventory:

Armour
 a - a +0 robe (worn)
 b - a +0 hat (worn)
Jewellery
 c - an uncursed amulet of harm
Comestibles
 d - a ration


   Skills:
 + Level 0.1(0.0) Fighting
 + Level 0.1(0.0) Short Blades
 + Level 0.1(0.0) Long Blades
 + Level 0.1(0.0) Axes
 + Level 0.1(0.0) Maces & Flails
 + Level 0.1(0.0) Polearms
 + Level 0.1(0.0) Staves
 + Level 0.1(0.0) Slings
 + Level 0.1(0.0) Bows
 + Level 0.1(0.0) Crossbows
 + Level 0.1(0.0) Throwing
 + Level 0.1(0.0) Armour
 + Level 4.4(2.9) Dodging
 + Level 4.0(2.5) Stealth
 + Level 0.1(0.0) Shields
 + Level 0.1(0.0) Unarmed Combat
 + Level 7.0(5.4) Spellcasting
 + Level 2.0(0.6) Conjurations
 + Level 0.1(0.0) Hexes
 + Level 0.1(0.0) Charms
 + Level 2.0(0.6) Summonings
 + Level 0.1(0.0) Necromancy
 + Level 2.0(0.6) Translocations
 + Level 0.1(0.0) Transmutations
 + Level 0.1(0.0) Fire Magic
 + Level 0.1(0.0) Ice Magic
 + Level 0.1(0.0) Air Magic
 + Level 0.1(0.0) Earth Magic
 + Level 0.1(0.0) Poison Magic
 + Level 0.2(0.0) Invocations
 + Level 0.1(0.0) Evocations


You had 13 spell levels left.
You knew the following spells:

 Your Spells              Type           Power        Failure   Level  Hunger
a - Magic Dart            Conj           #...         9%          1    None

Your spell library contained the following spells:

 Spells                   Type           Power        Failure   Level  Hunger
 Blink                    Tloc           N/A          13%         2    None
 Call Imp                 Summ           #.......     13%         2    None
 Slow                     Hex            #.......     17%         2    None
 Conjure Flame            Conj/Fire      #.......     30%         3    ##.....
 Mephitic Cloud           Conj/Pois/Air  #.......     30%         3    ##.....


Dungeon Overview and Level Annotations

Branches:
Dungeon (1/15)

Altars:


Innate Abilities, Weirdness & Mutations

Your experience applies equally to all skills.
You have very sharp teeth.
Your uncanny sense of smell can sniff out nearby items.


Message History

The hobgoblin is almost dead.
You hit the hobgoblin but do no damage.
The hobgoblin is almost dead.
The hobgoblin hits you but does no damage.
You hit the hobgoblin but do no damage.
The hobgoblin is almost dead.
The hobgoblin hits you.
You barely miss the hobgoblin.
The hobgoblin is almost dead.
The hobgoblin closely misses you.
You closely miss the hobgoblin.
The hobgoblin is almost dead.
The hobgoblin barely misses you.
You barely miss the hobgoblin.
The hobgoblin is almost dead.
The hobgoblin closely misses you.
You closely miss the hobgoblin.
The hobgoblin is almost dead.
The hobgoblin hits you.
You die...

#<#.#.........
#.#.#.#######.
#.#.#.......#
∆
#.#.#.#.#####
#...#.#.#
#####.#.#
#.#.#
#.#.###.#
..#@g...#
#.#######


You could see a hobgoblin.

Vanquished Creatures
  An ooze (D:1)
  A goblin (D:1)
2 creatures vanquished.

Notes
Turn   | Place    | Note
-------+----------+-------------------------------------------
     0 | D:1      | TheAlmogaver the Gnoll Wizard began the quest for the Orb.
     0 | D:1      | Reached XP level 1. HP: 13/13 MP: 8/8
    64 | D:1      | Slain by a hobgoblin

Skill      XL: |  1 |
---------------+----+-----
Conjurations   | 2 |  2.0
Summonings     | 2 |  2.0
Translocations | 2 |  2.0
Fighting       | |  0.1
Short Blades   | |  0.1
Long Blades    | |  0.1
Axes           | |  0.1
Maces & Flails | |  0.1
Polearms       | |  0.1
Staves         | |  0.1
Slings         | |  0.1
Bows           | |  0.1
Crossbows      | |  0.1
Throwing       | |  0.1
Armour         | |  0.1
Dodging        | |  4.4
Stealth        | |  4.0
Shields        | |  0.1
Unarmed Combat | |  0.1
Spellcasting   | |  7.0
Hexes          | |  0.1
Charms         | |  0.1
Necromancy     | |  0.1
Transmutations | |  0.1
Fire Magic     | |  0.1
Ice Magic      | |  0.1
Air Magic      | |  0.1
Earth Magic    | |  0.1
Poison Magic   | |  0.1
Invocations    | |  0.2
Evocations     | |  0.1

Action                   || total
-------------------------++-------
Melee: Unarmed           ||    14
       Bite              ||     1
 Cast: Magic Dart        ||     9
Armor: Robe              ||     1
Dodge: Dodged            ||     6
